 Dungeon Crawl Stone Soup version 0.28.0 (webtiles) character file.

Game seed: 5252041687757540374

5421 SnakkuSnakku7 the Firebug (level 10, -8/74 HPs)
             Began as a Mummy Cinder Acolyte on Feb 10, 2022.
             Was a Priest of Ignis.
             Killed from afar by Harold (14 damage)
             ... with a harpoon shot
             ... on level 8 of the Dungeon.
             The game lasted 00:16:57 (9304 turns).

SnakkuSnakku7 the Firebug (Mummy Cinder Acolyte)    Turns: 9304, Time: 00:16:58

Health: -8/74      AC: 14    Str: 28    XL:     10   Next: 40%
Magic:  13/19      EV: 11    Int: 21    God:    Ignis [***...]
Gold:   450        SH:  4    Dex:  7    Spells: 17/21 levels left

rFire   . . .      SeeInvis .   a - +4 whip of Ves Eceo {venom, Str+10 Stlth-}
rCold   + + .      Faith    .   v - +0 buckler
rNeg    + + +      Spirit   .   g - +3 ring mail {Will+}
rPois   ∞          Reflect  .   w - +2 helmet {Int+3}
rElec   .          Harm     .   (no cloak)
rCorr   .          Rampage  .   i - +2 pair of gloves
Will    ++...                   (no boots)
Stlth   ..........              (no amulet)
HPRegen 0.22/turn               e - ring of protection from cold
MPRegen 0.16/turn               f - ring of flight

@: marked, flying, studying Translocations
A: cold resistance 1, negative energy resistance 3, torment resistance 2, heat
vulnerability 1, no potions
a: Renounce Religion, Fiery Armour, Foxfire Swarm, Rising Flame


You were on level 8 of the Dungeon.
You worshipped Ignis.
Ignis was most pleased with you.
You visited 1 branch of the dungeon, and saw 8 of its levels.

You collected 450 gold pieces.

Inventory:

Hand Weapons
 a - the +4 whip of Ves Eceo (weapon) {venom, Str+10 Stlth-}
   (You found it on level 7 of the Dungeon)

   It poisons the flesh of those it strikes.
   Str:       It affects your strength (+10).
   Stlth:     It makes you less stealthy.
 n - a +1 vorpal war axe
 p - a +1 vorpal quarterstaff
 u - a -1 mace of flaming
Missiles
 y - a curare-tipped dart
Armour
 g - a +3 ring mail of willpower (worn)
 i - a +2 pair of gloves (worn)
 v - a +0 buckler (worn)
 w - a +2 helmet of intelligence (worn)
Jewellery
 d - a ring of ice
 e - a ring of protection from cold (left hand)
 f - a ring of flight (right hand)
Wands
 c - a wand of digging (2)
 k - a wand of acid (4)
 m - a wand of polymorph (3)
 t - a wand of iceblast (2)
Scrolls
 b - a scroll of enchant weapon
 h - 3 scrolls of amnesia
 j - 2 scrolls of fog
 l - a scroll of vulnerability
 o - 3 scrolls of silence
 q - 2 scrolls of summoning
 r - a scroll of magic mapping
 x - 2 scrolls of teleportation {unknown}


   Skills:
 - Level 5.0 Fighting
 - Level 2.4 Maces & Flails
 + Level 4.4 Dodging
 - Level 5.0 Shields
 - Level 6.0 Spellcasting
 - Level 6.0 Fire Magic
 - Level 4.0 Air Magic
 - Level 4.0 Poison Magic
 - Level 5.1 Evocations


You had 17 spell levels left.
You knew the following spells:

 Your Spells              Type           Power      Damage    Failure   Level
a - Scorch                Fire           62%        2d8       2%          2
b - Poisonous Vapours     Pois/Air       46%        N/A       5%          2

Your spell library contained the following spells:

 Spells                   Type           Power      Damage    Failure   Level
 Corpse Rot               Necr/Air       28%        N/A       12%         2
 Animate Skeleton         Necr           12%        N/A       19%         1
 Apportation              Tloc           12%        N/A       19%         1
 Summon Small Mammal      Summ           24%        N/A       19%         1
 Dazzling Flash           Conj/Hex       12%        N/A       50%         3
 Iskenderun's Mystic Bla  Conj/Tloc      6%         2d4       88%         4
 Starburst                Conj/Fire      9%         6d5       100%        6


Dungeon Overview and Level Annotations

Branches:
Dungeon (8/15)             Temple (0/1) D:7
   Lair: D:8-11

Altars:
Kikubaaqudgha

Shops:
D:5 [

Annotations:
D:8 Harold


Innate Abilities, Weirdness & Mutations

You are immune to poison.
Your flesh is cold resistant. (rC+)
You are immune to negative energy. (rN+++)
You are immune to unholy pain and torment.
You are vulnerable to heat. (rF-)
You do not drink.


Message History

The foxfire hits Harold.
Harold is burned terribly!
Harold is severely wounded.
The foxfire hits Harold but does no damage.
Harold is severely wounded.
The foxfire hits Harold.
Harold is burned terribly!
Harold is severely wounded.
The foxfire hits Harold.
Harold is burned terribly!
Harold is severely wounded.
The foxfire hits Harold!
Harold is burned terribly!
Harold is almost dead.
Unknown command.
Unknown command.
Activating: Foxfire Swarm
Press: ? - help, Dir - look around, f - activate Flames leap up around you!
The foxfire hits Harold but does no damage.
Harold is almost dead.
The foxfire hits the orc.
The orc is heavily wounded.
An orc comes into view. It is wielding a +0 short sword.
Unknown command.
Unknown command.
Your foxfire dissipates!
An orc comes into view. It is wielding a +0 trident.
The foxfire hits the orc.
The orc is almost dead.
The foxfire hits Harold.
Harold is almost dead.
The foxfire hits Harold.
Harold is burned terribly!
Harold is almost dead.
The foxfire hits the orc.
You kill the orc!
The foxfire hits the orc but does no damage.
The foxfire hits Harold.
Harold is burned terribly!
Harold is almost dead.
Harold is no longer more vulnerable to fire.
You block the orc's attack. Harold fires a harpoon shot at you.
The harpoon shot hits you!
You die...

#.>......# #≈≈≈≈≈.#..#
#######..#####≈≈≈≈≈.#..#
##......≈≈≈≈#.#..####
#..###.≈≈≈≈#.#...).. ##.#
#.≈≈≈≈#.#...... #.#
#.≈≈≈≈#.#......
#.###.≈≈≈≈≈.#......
#..##.≈≈≈≈≈.#..(..)
##@##..≈≈≈≈.#.#(###
#######.###.≈≈≈≈....((#
#..oooo..##.≈≈≈≈≈#.#..# .
#o#####[.##.≈≈≈≈≈#.#..# ..o #)#
#...@.#.#≈≈≈≈#.#..##
O....###o###.##.##.#≈≈≈≈≈.#....
oo..o.ooo.##.....((#≈≈≈≈≈...###
.......o.o##..##)..88≈≈≈≈≈88..#
o.........##..##...............


You could see Harold (very poisoned, slow) and an orc.

Vanquished Creatures
  A two-headed ogre (D:8)
  A troll (D:6)
  The ghost of BobtheApe the Sneak, an amateur KoBr (D:4)
  5 yaks
  The ghost of Sanktem7 the Covered, an amateur MiFi of Okawaru (D:4)
  Duvessa (D:4)
  3 water moccasins
  2 orc warriors (D:8)
  A black bear (D:5)
  2 ice beasts (D:6)
  A sky beast (D:6)
  2 necrophages
  2 ogres (D:6)
  The ghost of Fractals the Sneak, an amateur DsBr (D:4)
  2 centaurs (D:8)
  A phantom (D:5)
  2 kobold brigands (D:8)
  2 gnoll sergeants
  A water moccasin zombie (D:5)
  A scorpion (D:2)
  A water moccasin skeleton (D:6)
  Dowan (D:4)
  8 wights
  2 howler monkeys (D:7)
  3 centaur zombies
  A human zombie (D:5)
  4 orc priests
  4 bullfrog zombies
  3 hounds
  4 jellies
  A centaur skeleton (D:7)
  2 bullfrog skeletons
  3 iguanas
  2 orc wizards (D:6)
  A killer bee zombie (D:8)
  A howler monkey zombie (D:7)
  7 gnolls
  13 adders
  3 shadow imps (D:3)
  3 white imps
  An ufetubus (D:5)
  A worm (D:2)
  3 dart slugs
  16 orcs
  3 ball pythons
  5 endoplasms
  A giant cockroach (D:3)
  5 goblins
  2 hobgoblins (D:1)
  4 jackals (D:1)
  19 kobolds
  2 quokkas (D:3)
  3 bats
  2 frilled lizards
  A rat (D:3)
168 creatures vanquished.

Vanquished Creatures (others)
  14 foxfires
  3 withered plants (D:4)
17 creatures vanquished.

Grand Total: 185 creatures vanquished

Notes
Turn   | Place    | Note
-------+----------+-------------------------------------------
     0 | D:1      | SnakkuSnakku7 the Mummy Cinder Acolyte began the quest for
                  | the Orb.
     0 | D:1      | Reached XP level 1. HP: 18/18 MP: 2/2
   590 | D:1      | Reached XP level 2. HP: 18/24 MP: 4/4
  1016 | D:1      | Learned a level 2 spell: Scorch
  1185 | D:1      | Found a faded altar of an unknown god.
  1291 | D:2      | Reached XP level 3. HP: 28/29 MP: 0/5
  1383 | D:2      | Reached XP level 4. HP: 12/35 MP: 0/6
  1814 | D:2      | Noticed a scorpion
  1826 | D:2      | Killed a scorpion
  1943 | D:2      | Reached XP level 5. HP: 41/41 MP: 4/7
  2170 | D:3      | Found a transporter.
  2270 | D:3      | Reached skill level 5 in Fire Magic
  2498 | D:3      | Found a transporter.
  2705 | D:3      | Reached XP level 6. HP: 43/47 MP: 3/8
  2774 | D:4      | Found a runed translucent gate.
  2774 | D:4      | Found a runed translucent gate.
  2774 | D:4      | Found a runed translucent gate.
  3097 | D:4      | Learned a level 2 spell: Poisonous Vapours
  3354 | D:4      | Noticed Dowan
  3354 | D:4      | Noticed Duvessa
  3501 | D:4      | Noticed Fractals's ghost (amateur DsBr)
  3501 | D:4      | Noticed Sanktem7's ghost (amateur MiFi)
  3501 | D:4      | Noticed BobtheApe's ghost (amateur KoBr)
  3503 | D:5      | Entered Level 5 of the Dungeon
  3503 | D:5      | Found Antugol's Antique Armour Boutique.
  3767 | D:5      | Reached skill level 1 in Air Magic
  3767 | D:5      | Reached skill level 1 in Poison Magic
  3817 | D:5      | Noticed a water moccasin
  3830 | D:5      | Killed a water moccasin
  3924 | D:5      | Reached XP level 7. HP: 52/52 MP: 9/9
  4444 | D:5      | Found an ancient bone altar of Kikubaaqudgha.
  4587 | D:5      | Reached XP level 8. HP: 51/58 MP: 3/10
  5304 | D:4      | Killed Dowan
  5355 | D:4      | Killed Duvessa
  5356 | D:4      | Reached skill level 5 in Spellcasting
  5432 | D:4      | Killed Fractals's ghost
  5463 | D:4      | Killed BobtheApe's ghost
  5479 | D:4      | Killed Sanktem7's ghost
  5647 | D:6      | Reached XP level 9. HP: 56/63 MP: 18/18
  6236 | D:6      | Reached skill level 5 in Evocations
  6380 | D:6      | Reached skill level 1 in Shields
  6544 | D:6      | Noticed a troll
  6567 | D:6      | Killed a troll
  6810 | D:7      | Found a staircase to the Ecumenical Temple.
  7313 | D:7      | Identified the +4 whip of Ves Eceo {venom, Str+10 Stlth-}
  7770 | D:8      | Reached skill level 5 in Shields
  8626 | D:8      | Reached XP level 10. HP: 55/73 MP: 16/19
  8630 | D:8      | Reached skill level 5 in Fighting
  8671 | D:7      | Reached skill level 1 in Dodging
  8906 | D:8      | Noticed a two-headed ogre
  8916 | D:8      | Noticed Harold
  8955 | D:8      | Killed a two-headed ogre
  9304 | D:8      | Killed from afar by Harold

Illustrated notes

Levels and vault maps discovered:
D:1:      roderic_dead_forest, layout_rooms, chequers_ecumenical_altar_island,
          kennysheep_another_room, fountainhead, hangedman_abyss_or_decor_stabs
D:2:      layout_rooms, minmay_box_of_dots
D:3:      gammafunk_wand_slinger, layout_basic
D:4:      layout_cave_pods, gammafunk_ghost_cemetery, uniq_duvessa
D:5:      layout_layer_cave, lemuel_mausoleum_altar_kikubaaqudgha, serial_shops,
          shop
D:6:      minmay_chambers_of_threes, layout_cave_pools, kennysheep_donut,
          nicolae_figureground_pulse
D:7:      layout_basic, minmay_temple_entry_sparse_star
D:8:      wander_river, layout_basic, serial_shops, shop, special_room
          [special_room_orc], uniq_harold

Skill      XL: |  1  2  3  4  5  6  7  8  9 10 |
---------------+-------------------------------+-----
Fire Magic     | 3 4 5 6 |  6.0
Air Magic      | 1 3 4 |  4.0
Poison Magic   | 1 3 4 |  4.0
Spellcasting   | 6 |  6.0
Evocations     | 3 5 |  5.1
Shields        | 5 |  5.0
Fighting       | 4 5 |  5.0
Dodging        | 4 |  4.4
Maces & Flails | |  2.4

Action                   |  1- 3 |  4- 6 |  7- 9 | 10-12 || total
-------------------------+-------+-------+-------+-------++-------
Melee: Mace              |    61 |    21 |       |       ||    82
       Quarterstaff      |       |    11 |   129 |       ||   140
       War axe           |       |       |   116 |       ||   116
       Whip              |       |       |    67 |    67 ||   134
Throw: Throwing net      |       |       |       |     2 ||     2
       Dart              |       |       |       |     1 ||     1
 Cast: Scorch            |    11 |    60 |    82 |     4 ||   157
       Poisonous Vapours |       |       |    23 |    15 ||    38
Invok: Fiery Armour      |     3 |       |       |       ||     3
       Foxfire Swarm     |     1 |       |       |     2 ||     3
Evoke: Wand              |       |     1 |     9 |     1 ||    11
  Use: Scroll            |       |       |     9 |       ||     9
Armor: Robe              |    24 |     5 |       |       ||    29
       Ring mail         |       |    17 |   241 |    20 ||   278
Dodge: Dodged            |    63 |    45 |   187 |    29 ||   324
Block: Buckler           |       |       |    37 |    13 ||    50
